cohdb
Replays
Latest Replays
All Replays
Popular Replays
Top Player Replays
Match Explorer
How It Works
Community
CoH3 Stats
Reddit
Sign in to upload your games and track your stats! →
Sign in with Steam
Match 43597042
Unlisted
Match 43597042
Overview
Messages
Build Orders
End
Construct Infanterie Kompanie
Selects Terror Battlegroup
Kettenkrad Recon Vehicle
Grenadier Squad
Grenadier Squad
Grenadier Squad
Grenadier Squad
Medical Station
Pioneer Squad
Construct Luftwaffe Kompanie
Selects Machine Gun Camouflage
Selects Interrogate
Support Elements
Pioneer Squad
Jäger Squad
Infanterie Officer Quarters
Wirbelwind Flakpanzer
Selects No Quarter
MG 42 Machine Gun Team
Pioneer Squad
Selects Propaganda Leaflet Drop
Propaganda Leaflet Drop
Construct Panzer Kompanie
Propaganda Leaflet Drop
Selects V1 Rocket Strike
Panzer IV Medium Tank
Side Skirts
Jäger Squad
Propaganda Leaflet Drop
Jäger Squad
Sturmpanzer IV Brummbär
Wirbelwind Flakpanzer
bilibuzz
ReverseAverage
Elphiroce
MonoChrome
0
0
Comments
sign in to comment!
No comments posted yet!